 Dungeon Crawl Stone Soup version 0.31-a0-1204-ge2c1a860ed (webtiles) character file.

Game seed: 14151822864917903180

198228 Lobster4 the Crack Shot (level 17, -19/161 HPs)
             Began as a Minotaur Hunter on Dec 12, 2023.
             Was the Champion of Fedhas.
             Demolished by a naga warrior
             ... wielding a +0 scimitar
              (38 damage)
             ... on level 4 of the Snake Pit.
             The game lasted 02:03:04 (37604 turns).

Lobster4 the Crack Shot (Minotaur Hunter)          Turns: 37604, Time: 02:03:05

Health: -19/161    AC: 21    Str: 15    XL:     17   Next: 80%
Magic:  34/34      EV: 19    Int:  9    God:    Fedhas [******]
Gold:   25         SH:  5    Dex: 32    Spells: 19/26 levels left

rFire   + . .        c - +1 great sword "Zoduledu" {spect, rElec Dex+6 Stlth-}
rCold   . . .        (shield currently unavailable)
rNeg    . . .        f - +4 ring mail {rF+}
rPois   +            m - +2 hat
rElec   +            v - +0 cloak
rCorr   .            A - +2 pair of gloves {Dex+3}
SInv    .            M - -2 pair of boots of the Blue Moon {Fly rPois MP+9 Int+3}
Will    ++...        K - amulet of reflection
Stlth   +            k - ring of willpower
HPRegen 0.46/turn    s - +4 ring of protection
MPRegen 0.24/turn

%: reflection
@: lethally poisoned (-19 -> -21), flying, constricted, studying Invocations
A: horns 2, retaliatory headbutt
}: 1/15 runes: barnacled
a: Renounce Religion, Wall of Briars, Grow Ballistomycete, Overgrow, Grow Oklob


You were on level 4 of the Snake Pit.
You worshipped Fedhas.
Fedhas was exalted by your worship.
You visited 6 branches of the dungeon, and saw 30 of its levels.
You also visited: Bailey.

You collected 3030 gold pieces.
You spent 3005 gold pieces at shops.

Inventory:

Hand Weapons
 a - a +9 longbow of freezing
 b - the +12 hammer "Baecheqa" {flame, rC+++ Will- Dex+5}
   (You found it on level 3 of the Dungeon)

   Dex+5:     It affects your dexterity (+5).
   rC+++:     It renders you almost immune to cold.
   Will-:     It decreases your willpower.
 c - the +1 great sword "Zoduledu" (weapon) {spect, rElec Dex+6 Stlth-}
   (You bought it in a shop on level 4 of the Dungeon)

   Dex+6:     It affects your dexterity (+6).
   rElec:     It insulates you from electricity.
   Stlth-:    It makes you less stealthy.
 e - a +2 orcbow of draining
 H - the +7 staff of the Meek {protect, meekguard}
   (You found it on level 7 of the Dungeon)
Missiles
 F - 3 throwing nets
 Q - 11 curare-tipped darts
Armour
 f - a +4 ring mail of fire resistance (worn)
 m - a +2 hat (worn)
 v - a +0 cloak (worn)
 A - a +2 pair of gloves of dexterity (worn)
 M - the -2 pair of boots of the Blue Moon (worn) {Fly rPois MP+9 Int+3}
   (You bought it in a shop on level 2 of the Shoals)

   Int+3:     It affects your intelligence (+3).
   rPois:     It protects you from poison MP+9: It affects your magic capacity
   (+9).
   Fly:       It grants you flight.
Jewellery
 g - a ring of see invisible
 i - a ring of flight
 k - a ring of willpower (left hand)
 l - a ring of resist corrosion
 q - a ring of positive energy
 s - a +4 ring of protection (right hand)
 w - a ring of ice
 G - a ring of willpower
 K - an amulet of reflection (around neck)
 Z - a ring of fire
Wands
 o - a wand of flame (42)
 p - a wand of paralysis (4)
 y - a wand of digging (2)
 R - a wand of acid (31)
 T - a wand of iceblast (4)
 W - a wand of mindburst (2)
Scrolls
 j - 6 scrolls of teleportation
 t - 2 scrolls of silence
 x - a scroll of fog
 C - 2 scrolls of enchant weapon
 E - 4 scrolls of identify
 L - 5 scrolls of immolation
 N - a scroll of butterflies
 P - a scroll of blinking
 S - 3 scrolls of revelation
 X - 3 scrolls of poison
Potions
 d - 3 potions of might
 h - 2 potions of lignification
 n - 2 potions of cancellation
 r - 2 potions of curing
 u - 2 potions of haste
 B - 4 potions of enlightenment
 D - 2 potions of ambrosia
 I - 8 potions of mutation
 J - 2 potions of brilliance
 O - a potion of magic
 V - 4 potions of attraction
Miscellaneous
 z - a lightning rod (4/4)


   Skills:
 + Level 17.1 Fighting
 - Level 10.0 Long Blades
 - Level 10.0 Maces & Flails
 * Level 21.7 Ranged Weapons
 - Level 1.0 Throwing
 - Level 10.0 Armour
 + Level 11.2 Dodging
 - Level 1.0 Stealth
 - Level 5.0 Spellcasting
 + Level 2.9 Translocations
 - Level 5.0 Transmutations
 - Level 2.0 Earth Magic
 + Level 12.4 Invocations
 - Level 3.0 Evocations


You had 19 spell levels left.
You knew the following spells:

 Your Spells              Type           Power      Damage    Failure   Level
a - Wereblood             Tmut           11%        N/A       8%          2
b - Apportation           Tloc           14%        N/A       12%         1
c - Passwall              Tmut/Erth      6%         N/A       14%         2
d - Blink                 Tloc           14%        N/A       19%         2

Your spell library contained the following spells:

 Spells                   Type           Power      Damage    Failure   Level
 Sandblast                Erth           10%        2d5       19%         1
 Lesser Beckoning         Tloc           14%        N/A       19%         2
 Gell's Gravitas          Tloc           7%         N/A       36%         3
 Teleport Other           Tloc           7%         N/A       36%         3
 Magic Dart               Conj           8%         1d3       38%         1
 Necrotise                Necr           8%         1d4       38%         1
 Shock                    Conj/Air       8%         1d3       38%         1
 Summon Small Mammal      Summ           8%         N/A       38%         1
 Call Imp                 Summ           4%         N/A       52%         2
 Cigotuvi's Dreadful Rot  Necr/Pois/Air  4%         N/A       52%         2
 Jinxbite                 Hex            4%         N/A       52%         2
 Poisonous Vapours        Pois/Air       4%         N/A       52%         2
 Searing Ray              Conj           4%         2d4       52%         2
 Sublimation of Blood     Necr           2%         N/A       52%         2
 Stone Arrow              Conj/Erth      8%         3d7       63%         3
 Petrify                  Tmut/Erth      8%         N/A       67%         4
 Hailstorm                Conj/Ice       2%         3d5       77%         3
 Inner Flame              Hex/Fire       2%         N/A       77%         3
 Mephitic Cloud           Conj/Pois/Air  2%         N/A       77%         3
 Swiftness                Air            2%         N/A       77%         3
 Vampiric Draining        Necr           2%         2d6       77%         3
 Manifold Assault         Tloc           7%         N/A       77%         4
 Brom's Barrelling Bould  Conj/Erth      4%         2d3       95%         4
 Leda's Liquefaction      Hex/Erth       2%         N/A       95%         4
 Airstrike                Air            1%         2d(1-17)  99%         4
 Fulminant Prism          Conj/Hex       1%         3d5       99%         4
 Summon Ice Beast         Ice/Summ       2%         N/A       99%         4
 Alistair's Intoxication  Tmut/Pois      4%         N/A       99%         5
 Irradiate                Conj/Tmut      3%         3d12      99%         5
 Lee's Rapid Deconstruct  Erth           2%         3d5*      99%         5
 Summon Forest            Summ/Tloc      2%         N/A       99%         5
 Yara's Violent Unravell  Hex/Tmut       3%         3d4       99%         5
 Agony                    Necr           2%         N/A       100%        5
 Freezing Cloud           Conj/Ice/Air   1%         6-21      100%        5
 Summon Mana Viper        Hex/Summ       2%         N/A       100%        5
 Bombard                  Conj/Erth      2%         9d1       100%        6
 Simulacrum               Ice/Necr       1%         N/A       100%        6
 Summon Cactus Giant      Summ           1%         N/A       100%        6
 Enfeeble                 Hex            1%         N/A       100%        7
 Monstrous Menagerie      Summ           1%         N/A       100%        7
 Summon Hydra             Summ           1%         N/A       100%        7
 Summon Horrible Things   Summ           1%         N/A       100%        8
 Dragon's Call            Summ           1%         N/A       100%        9


Dungeon Overview and Level Annotations

Branches:
Dungeon (14/15)            Temple (1/1) D:4            Lair (5/5) D:10
 Shoals (4/4) Lair:2        Snake (4/4) Lair:2        Slime (0/5) Lair:5
    Orc (2/2) D:10            Elf (0/3) Orc:2        Bailey (visited)
 Vaults: D:13-14

Altars:
Ashenzari
Cheibriados
Dithmenos
Elyvilon
Fedhas
Gozag
Hepliaklqana
Kikubaaqudgha
Makhleb
Nemelex Xobeh
Okawaru
Qazlal
Ru
Sif Muna
Trog
Uskayaw
Vehumet
Wu Jian
Xom
Yredelemnul
Zin
The Shining One
Jiyva

Shops:
D:4 ([(   D:9 ?   D:11 [   D:12 :   Orc:2 [:=(?   Shoals:2 [   Shoals:3 *
Snake:3 ?

Portals:
Abyss: Lair:3

Annotations:
D:8 exclusion: cyclops
Lair:3 2 transporters, Pokonic1's ghost, journeyman TeAE
Snake:4 1 exclusion, Roxanne


Innate Abilities, Weirdness & Mutations

You have a pair of horns on your head.
You reflexively headbutt those who attack you in melee.


Message History

You are more poisoned.
You resist.
Your +9 longbow of freezing stops glowing.
You feel agile.
You feel a bond with the +1 great sword "Zoduledu" {spect, rElec Dex+6 Stlth-}.
c - the +1 great sword "Zoduledu" (weapon)
{spect, rElec Dex+6 Stlth-} You feel sick.
The guardian serpent hits you but does no damage.
The naga warrior hits you with a +0 scimitar!!
* * * LOW HITPOINT WARNING * * *
You hit the naga but do no damage. You headbutt the naga.
The naga is almost dead.
Your +1 great sword "Zoduledu" {spect, rElec Dex+6 Stlth-} hits the naga.
You kill the naga!
Fedhas appreciates your contribution to the ecosystem.
You feel sick. The guardian serpent hits you.
* * * LOW HITPOINT WARNING * * *
The naga warrior completely misses you. You furiously retaliate!
You headbutt the naga warrior!
You kill the naga warrior!
Fedhas appreciates your contribution to the ecosystem.
The naga warrior hits you with a +0 scimitar!
* * * LOW HITPOINT WARNING * * *
The naga warrior grabs you. The naga warrior constricts you.
* * * LOW HITPOINT WARNING * * *
The guardian serpent misses you.
You barely miss the guardian serpent.
The guardian serpent is severely wounded.
Your +1 great sword "Zoduledu" {spect, rElec Dex+6 Stlth-} hits the guardian serpent!
You kill the guardian serpent!
Fedhas appreciates your contribution to the ecosystem.
You feel sick. The naga warrior completely misses you.
The naga warrior constricts you.
You slash the naga warrior! Your headbutt misses the naga warrior.
The naga warrior is heavily wounded.
Your +1 great sword "Zoduledu" {spect, rElec Dex+6 Stlth-} hits the naga warrior!!
You feel sick.
The naga warrior hits you with a +0 scimitar!!!
You die...
Fedhas appreciates your contribution to the ecosystem.

#.......##.. #.
#........### #'#
#..........# ...
#..........# ..
#..........#
.####'#######.†......)##
.................)....[.
........)#####..).......
......(@.#...#....).....
......†N)#...#...)..)...
.........'...#..........
.........#.?.'..........
.........#...#........).
.......<.#...#..........
.........#...#..........
.........###+#..........
..................#####


You could see a naga warrior (strong) and a friendly +1 great sword "Zoduledu"
{spect, rElec Dex+6 Stlth-}.

Vanquished Creatures
  Aizul (Snake:1)
  A storm dragon (Shoals:4)
  A nagaraja (Snake:4)
  Louise (Shoals:4)
  An orc warlord (Orc:2)
  A formless jellyfish (Shoals:3)
  10 merfolk impalers
  A merfolk javelineer (Shoals:2)
  Josephine (Lair:5)
  A vault guard (D:14)
  9 hydras
  4 catoblepae (Lair:5)
  4 centaur warriors
  A salamander tyrant (Snake:4)
  3 merfolk avatars
  2 two-headed ogres (D:9)
  8 anacondas
  7 merfolk aquamancers
  An alligator snapping turtle (Shoals:2)
  A satyr (Shoals:3)
  3 boulder beetles
  Erica (D:11)
  11 death yaks
  2 orc high priests
  9 naga warriors
  6 shock serpents
  10 naga sharpshooters
  Amaemon (Lair:3)
  Sonja (Orc:1)
  6 skysharks
  Nergalle (Orc:1)
  5 salamander mystics
  13 sea snakes
  A glowing orange brain (D:14)
  An arcanist (D:13)
  4 naga ritualists
  5 orc knights
  4 deep elf zephyrmancers
  28 harpies
  An orc sorcerer (Orc:1)
  4 deep elf pyromancers
  17 salamanders
  3 ugly things
  3 mana vipers
  13 manticores
  4 cyclopes
  9 fauns
  Maurice (D:8)
  2 kobold blastminers (Orc:2)
  7 merfolk sirens
  3 guardian serpents (Snake:4)
  Joseph (D:8)
  22 black mambas
  3 torpor snails (Lair:1)
  8 elephants
  9 naga magi
  15 water nymphs
  An orange demon (Lair:3)
  13 cane toads
  A gargoyle (D:10)
  A freezing wraith (D:12)
  3 unseen horrors
  Jeremiah (D:6)
  2 rime drakes (Lair:5)
  4 komodo dragons
  An unseen horror zombie (D:9)
  2 polar bears (Lair:4)
  8 trolls
  20 merfolk
  7 wind drakes
  Prince Ribbit (Lair:2)
  2 hornets (D:9)
  2 dream sheep (Shoals:3)
  9 snapping turtles
  11 blink frogs
  7 slime creatures (D:13)
  4 air elementals (Shoals:4)
  20 water elementals
  Sigmund (D:2)
  9 wraiths
  57 yaks
  A shadow (D:13)
  4 wyverns
  2 basilisks (Lair:5)
  Eustachio (D:5)
  11 vampire mosquitoes
  A steam dragon (D:10)
  2 acid dragons (D:11)
  A warg (Orc:2)
  31 nagas
  13 water moccasins
  51 orc warriors
  4 ice beasts
  A hornet zombie (D:9)
  2 black bears
  22 wolves
  19 centaurs
  4 ogres
  4 kobold brigands (D:9)
  9 bullfrogs
  3 gnoll sergeants
  4 scorpions
  14 wights
  4 killer bees
  A troll skeleton (D:11)
  7 howler monkeys
  5 spriggan skeletons (D:11)
  4 centaur zombies (D:9)
  25 orc priests
  Crazy Yiuf (D:3)
  Jessica (D:2)
  An iguana (D:4)
  19 orc wizards
  2 killer bee zombies (D:9)
  3 howler monkey zombies (D:9)
  Robin (D:1)
  23 gnolls
  8 adders
  A shadow imp (D:6)
  A white imp (D:5)
  2 ufetubi (D:7)
  A worm (D:3)
  5 dart slugs
  126 orcs
  5 endoplasms
  A giant cockroach (D:4)
  15 goblins
  11 hobgoblins
  10 kobolds
  5 quokkas
  4 ball pythons
  4 bats
  2 frilled lizards
  8 rats
  A ballistomycete spore (Lair:5)
  2 butterflies (Lair:5)
  A spectral weapon (Shoals:4)
997 creatures vanquished.

Vanquished Creatures (collateral kills)
  6 ballistomycete spores
6 creatures vanquished.

Vanquished Creatures (others)
  2 merfolk aquamancers (Shoals:2)
  A merfolk (Shoals:2)
  A sleepcap (D:5)
  An orc wizard (Orc:2)
  2 ballistomycete spores
7 creatures vanquished.

Grand Total: 1010 creatures vanquished

Notes
Turn   | Place    | Note
-------+----------+-------------------------------------------
     0 | D:1      | Lobster4 the Minotaur Hunter began the quest for the Orb.
     0 | D:1      | Reached XP level 1. HP: 18/18 MP: 0/0
   245 | D:1      | Reached skill level 1 in Stealth
   339 | D:1      | Reached XP level 2. HP: 19/25 MP: 1/1
   887 | D:2      | Noticed Robin
   892 | D:1      | Reached skill level 1 in Armour
  1057 | D:1      | Reached XP level 3. HP: 14/30 MP: 2/2
  1059 | D:1      | Killed Robin
  1060 | D:1      | Reached skill level 5 in Ranged Weapons
  1287 | D:2      | Reached XP level 4. HP: 34/38 MP: 3/3
  1349 | D:2      | Noticed Jessica
  1364 | D:2      | Killed Jessica
  1496 | D:2      | Noticed Sigmund
  1612 | D:2      | Reached XP level 5. HP: 46/46 MP: 4/4
  1914 | D:3      | Reached skill level 6 in Ranged Weapons
  1949 | D:3      | Found a shimmering altar of Xom.
  2046 | D:3      | Found a glowing golden altar of the Shining One.
  2189 | D:3      | Reached skill level 1 in Evocations
  2601 | D:3      | Found a runed translucent door.
  2601 | D:3      | Identified the +12 hammer "Baecheqa" {flame, rC+++ Will-
                  | Dex+5}
  2603 | D:3      | Noticed Crazy Yiuf
  2692 | D:3      | Reached skill level 5 in Maces & Flails
  2692 | D:3      | Reached skill level 9 in Ranged Weapons
  2692 | D:3      | Reached skill level 5 in Armour
  2692 | D:3      | Reached skill level 5 in Dodging
  2692 | D:3      | Reached XP level 6. HP: 60/60 MP: 5/5
  2907 | D:4      | Found a staircase to the Ecumenical Temple.
  2916 | Temple   | Entered the Ecumenical Temple
  2932 | Temple   | Became a worshipper of Fedhas Madash
  2995 | D:4      | Found Xuden's Armour Shop.
  3313 | D:4      | Reached XP level 7. HP: 60/66 MP: 6/6
  3358 | D:4      | Bought a +0 pair of gloves of dexterity for 149 gold pieces
  3454 | D:4      | Found Ypsoul's Antique Weapon Emporium.
  3673 | D:4      | Reached skill level 10 in Ranged Weapons
  3857 | D:4      | Found Noq Nah's Weapon Emporium.
  4159 | D:5      | Entered Level 5 of the Dungeon
  4163 | D:5      | Reached skill level 1 in Invocations
  4252 | D:5      | Noticed Eustachio
  4325 | D:5      | You fall into a shaft and drop 2 floors!
  4458 | D:7      | Reached XP level 8. HP: 58/73 MP: 8/8
  4509 | D:7      | Reached * piety under Fedhas
  4539 | D:7      | Found a white marble altar of Elyvilon.
  4594 | D:7      | Found a flagged portal.
  4609 | Bailey   | Entered a bailey
  4726 | Bailey   | Reached ** piety under Fedhas
  4771 | Bailey   | Noticed an orc knight
  4833 | Bailey   | Killed an orc knight
  4856 | Bailey   | Reached XP level 9. HP: 49/81 MP: 9/9
  5502 | D:5      | Reached skill level 11 in Ranged Weapons
  6040 | D:6      | Reached skill level 1 in Long Blades
  6150 | D:6      | Found a hide-covered altar of Uskayaw.
  6372 | D:6      | Noticed Jeremiah
  6629 | D:4      | Bought a masterwork great sword for 333 gold pieces
  6629 | D:4      | Identified the +1 great sword "Zoduledu" {spect, rElec
                  | Dex+6 Stlth-} (You bought it in a shop on level 4 of the
                  | Dungeon)
  6779 | D:7      | Found an opulent altar of Gozag.
  6867 | D:7      | Reached *** piety under Fedhas
  7293 | D:7      | Found the +7 staff of the Meek {protect, meekguard}
  7377 | D:8      | Noticed Joseph
  7377 | D:8      | Found an iron altar of Okawaru.
  7391 | D:8      | Killed Joseph
  7753 | D:8      | Noticed Maurice
  7758 | D:8      | Killed Maurice
  7759 | D:8      | Reached XP level 10. HP: 90/90 MP: 11/11
  7807 | D:8      | Reached **** piety under Fedhas
  8238 | D:8      | Reached skill level 12 in Ranged Weapons
  8646 | D:8      | Noticed a cyclops
  9008 | D:9      | Noticed a two-headed ogre
  9264 | D:9      | Reached ***** piety under Fedhas
  9533 | D:9      | Found a burning altar of Makhleb.
  9665 | D:9      | Noticed a two-headed ogre
  9668 | D:9      | Killed a two-headed ogre
  9671 | D:9      | Found Risirchifask's Magic Scroll Shop.
  9680 | D:9      | Bought a scroll of identify for 24 gold pieces
  9680 | D:9      | Bought a scroll of identify for 24 gold pieces
  9680 | D:9      | Bought a scroll of identify for 24 gold pieces
 10071 | D:9      | Identified the +3 whip of Iconoclasm {freeze, Int+6 Dex+3
                  | Stlth+}
 10422 | D:9      | Reached XP level 11. HP: 93/97 MP: 12/12
 10520 | D:9      | Reached skill level 5 in Long Blades
 10607 | D:9      | Found an ancient bone altar of Kikubaaqudgha.
 10789 | D:9      | Killed a two-headed ogre
 10890 | D:10     | Entered Level 10 of the Dungeon
 11040 | D:10     | Reached skill level 13 in Ranged Weapons
 11225 | D:10     | Reached skill level 10 in Fighting
 11275 | D:10     | Found a staircase to the Orcish Mines.
 11363 | D:10     | Found a staircase to the Lair.
 11491 | D:10     | Found a stormy altar of Qazlal.
 11807 | D:2      | Killed Sigmund
 11896 | D:3      | Killed Crazy Yiuf
 11901 | D:3      | Identified the +0 hammer of the Throat {spect, rElec rF-
                  | Int+3}
 12001 | D:5      | Killed Eustachio
 12160 | D:6      | Killed Jeremiah
 12543 | D:11     | Reached skill level 5 in Invocations
 12824 | D:11     | Noticed a five-headed hydra
 12833 | D:11     | Killed a five-headed hydra
 12973 | D:11     | Found Oxtupax's Armour Boutique.
 13004 | D:11     | Noticed Erica
 13008 | D:11     | Killed Erica
 13033 | D:11     | Reached skill level 14 in Ranged Weapons
 13568 | D:12     | Noticed a white ugly thing
 13585 | D:12     | Killed a white ugly thing
 13677 | D:12     | Identified a scroll of acquirement
 13678 | D:12     | Acquired a manual of Invocations
 13690 | D:12     | Noticed a centaur warrior
 13695 | D:12     | Killed a centaur warrior
 13696 | D:12     | Reached XP level 12. HP: 110/110 MP: 14/14
 14030 | D:12     | Reached ****** piety under Fedhas
 14137 | D:12     | Found Tuhuch's Self-Published Books.
 14148 | D:12     | Learned a level 2 spell: Wereblood
 14329 | D:13     | Reached skill level 10 in Maces & Flails
 14464 | D:13     | Noticed a boulder beetle
 14470 | D:13     | Killed a boulder beetle
 14485 | D:13     | Reached skill level 1 in Transmutations
 14616 | D:13     | Reached skill level 1 in Spellcasting
 14668 | D:13     | Noticed a centaur warrior
 14673 | D:13     | Killed a centaur warrior
 14674 | D:13     | Reached skill level 15 in Ranged Weapons
 15156 | D:14     | Noticed a centaur warrior
 15166 | D:13     | Killed a centaur warrior
 15328 | D:14     | Noticed a vault guard
 15341 | D:14     | Killed a vault guard
 15641 | Lair:1   | Entered Level 1 of the Lair of Beasts
 15918 | Orc:1    | Entered Level 1 of the Orcish Mines
 16064 | Orc:1    | Noticed Nergalle
 16080 | Orc:1    | Killed Nergalle
 16081 | Orc:1    | Reached XP level 13. HP: 117/117 MP: 17/17
 16204 | Orc:1    | Noticed Sonja
 16210 | Orc:1    | Killed Sonja
 16342 | Orc:2    | Entered Level 2 of the Orcish Mines
 16342 | Orc:2    | Found Ekaibuss's Armour Emporium.
 16713 | Orc:2    | Noticed an orc warlord
 16724 | Orc:2    | Killed an orc warlord
 17425 | Orc:1    | Reached skill level 16 in Ranged Weapons
 18736 | Orc:2    | Found a staircase to the Elven Halls.
 18983 | Orc:2    | Found Byuthaov's Antique Weapon Emporium.
 18983 | Orc:2    | Found Hutweh's Jewellery Boutique.
 18985 | Orc:2    | Found Coitwea's Book Shop.
 18987 | Orc:2    | Found Pawkopt's Magic Scroll Shoppe.
 19084 | Orc:2    | Bought a scroll of immolation for 60 gold pieces
 19084 | Orc:2    | Bought a scroll of fear for 60 gold pieces
 19084 | Orc:2    | Bought a scroll of poison for 60 gold pieces
 19349 | Lair:1   | Found a snail-covered altar of Cheibriados.
 19476 | Orc:2    | Bought a runed orcbow for 149 gold pieces
 19918 | Lair:1   | Reached XP level 14. HP: 127/127 MP: 20/20
 20666 | Lair:2   | Identified the +0 plate armour "Fiffyo Xona" {rCorr Str-2
                  | SInv}
 20754 | Lair:2   | Reached skill level 1 in Throwing
 20760 | Lair:2   | Noticed Prince Ribbit
 20769 | Lair:2   | Killed Prince Ribbit
 20784 | Lair:2   | Identified the serpent talisman "Waix" {Will+}
 20840 | Lair:2   | Found a staircase to the Shoals.
 21046 | Lair:2   | Found a staircase to the Snake Pit.
 21370 | Lair:3   | Found a transporter.
 21545 | Lair:3   | Reached skill level 10 in Invocations
 21649 | Lair:3   | Noticed Pokonic1's ghost (journeyman TeAE)
 21719 | Lair:3   | Noticed Amaemon
 21747 | Lair:3   | Killed Amaemon
 22101 | Lair:3   | Found a one-way gate to the infinite horrors of the Abyss.
 22102 | Lair:3   | Found a transporter.
 22412 | Lair:4   | Reached skill level 17 in Ranged Weapons
 23034 | Lair:5   | Entered Level 5 of the Lair of Beasts
 23520 | Lair:5   | Found a viscous altar of Jiyva.
 23520 | Lair:5   | Found a staircase to the Slime Pits.
 23752 | Lair:5   | Noticed Josephine
 23758 | Lair:5   | Killed Josephine
 23759 | Lair:5   | Reached XP level 15. HP: 117/134 MP: 17/21
 23773 | Lair:5   | Reached skill level 10 in Armour
 25209 | Orc:2    | Bought an amulet of reflection for 390 gold pieces
 25362 | Shoals:1 | Entered Level 1 of the Shoals
 25377 | Shoals:1 | Reached skill level 10 in Long Blades
 25437 | Shoals:1 | Reached skill level 18 in Ranged Weapons
 25581 | Shoals:1 | Reached skill level 10 in Dodging
 27949 | Shoals:2 | Reached skill level 19 in Ranged Weapons
 28037 | Shoals:2 | Found Rikhoacu's Armour Shoppe.
 28094 | Shoals:2 | Bought a +2 hat for 320 gold pieces
 28099 | Shoals:2 | Bought the -2 pair of boots of the Blue Moon {Fly rPois
                  | MP+9 Int+3} for 660 gold pieces
 28464 | Shoals:2 | Identified the blade talisman of Miracles {rF+++ rN+ Str+2
                  | Int-2}
 28619 | Shoals:2 | Reached skill level 15 in Fighting
 29043 | Shoals:3 | Reached XP level 16. HP: 123/149 MP: 24/24
 29458 | Shoals:3 | Found Mabroset's Gadget Gallery.
 30323 | Shoals:4 | Entered Level 4 of the Shoals
 30940 | Shoals:4 | Paralysed by an air elemental for 1 turns
 30945 | Shoals:4 | Paralysed by an air elemental for 1 turns
 30954 | Shoals:4 | Reached skill level 20 in Ranged Weapons
 31494 | Shoals:4 | Paralysed by an air elemental for 1 turns
 31533 | Shoals:4 | Reached skill level 5 in Transmutations
 31919 | Shoals:4 | Paralysed by an air elemental for 1 turns
 31924 | Shoals:4 | Paralysed by an air elemental for 1 turns
 32501 | Shoals:4 | Noticed a storm dragon
 32522 | Shoals:4 | Noticed Louise
 32808 | Shoals:4 | Killed Louise
 32913 | Shoals:4 | Learned a level 1 spell: Apportation
 32930 | Shoals:4 | Killed a storm dragon
 33119 | Shoals:4 | Identified the +4 short sword "Qoroid" {flame, rElec
                  | Stlth+}
 33125 | Shoals:4 | Got a barnacled rune of Zot
 33293 | Snake:1  | Entered Level 1 of the Snake Pit
 33742 | Snake:1  | Reached XP level 17. HP: 159/159 MP: 25/25
 33751 | Snake:1  | Identified the serpent talisman of Heresy {rF+ rN+ Dex-5}
 33751 | Snake:1  | Noticed Aizul
 33763 | Snake:1  | Killed Aizul
 34414 | Snake:2  | Got the Parchment of Gathered Ceraunoscopy
 34418 | Snake:2  | Learned a level 2 spell: Passwall
 34421 | Snake:2  | Learned a level 2 spell: Blink
 34494 | Snake:2  | Reached skill level 21 in Ranged Weapons
 35041 | Snake:2  | Reached skill level 1 in Translocations
 35041 | Snake:2  | Reached skill level 1 in Earth Magic
 36056 | Snake:3  | Found Reel's Magic Scroll Shop.
 36064 | Snake:3  | Bought a scroll of teleportation for 33 gold pieces
 36064 | Snake:3  | Bought 3 scrolls of teleportation for 99 gold pieces
 36465 | Snake:4  | Entered Level 4 of the Snake Pit
 36482 | Snake:4  | Reached skill level 5 in Spellcasting
 37205 | Shoals:2 | Bought a +4 ring mail of fire resistance for 620 gold
                  | pieces
 37489 | Snake:4  | Noticed Roxanne
 37604 | Snake:4  | Demolished by a naga warrior

Illustrated notes

Levels and vault maps discovered:
D:1:      wander_arrival_estate, layout_basic, serial_glass, glass_columns_c,
          glass_columns_c, glass_columns_a, glass_columns_c, glass_columns_a,
          glass_columns_c, glass_columns_b, glass_columns_c,
          due_unseen_surprise, minmay_strange_pillars, item_on_display_a,
          minmay_strange_pillars, interstate_on_off
D:2:      layout_rooms, uniq_robin, uniq_sigmund, uniq_jessica
D:3:      minmay_angry_zag, layout_loops_corners, mainiacjoe_overflow_swirl,
          uniq_crazy_yiuf_cottage
D:4:      layout_layer_cave, minmay_temple_entry_sparse_star, serial_shops,
          nicolae_shop_pleasant_corner_grove, shop, shop
D:5:      layout_rooms, uniq_eustachio
D:6:      layout_basic, mainiacjoe_overflow_alcove_4,
          nicolae_figureground_pulse, uniq_jeremiah
D:7:      layout_basic, mainiacjoe_overflow_alcove_1,
          nicolae_gozag_seed_capital, enter_bailey_5, pf_guarded_unrand_meek
D:8:      layout_basic, okawaru_metal_pillars_1_2, special_room
          [special_room_orc], uniq_joseph, uniq_maurice
D:9:      layout_layer_cave, marbit_many_paths, serial_undead, serial_undead_d,
          serial_undead_e, serial_undead_b, serial_undead_c, serial_undead_d,
          serial_undead_f, serial_shops, nicolae_shop_stone, roadster_trireme
D:10:     wander_river, layout_rooms, nicolae_qazlal_style_of_elements,
          lair_entry_dummy, orc_0_dummy
D:11:     layout_loops_ring, serial_shops, shop, hangedman_tell_no_tales,
          uniq_erica
D:12:     layout_big_octagon, nicolae_custom_books, minivault_24
D:13:     nicolae_whirlpool, layout_rooms
D:14:     layout_small_grid, hellmonk_vaults_order_and_chaos,
          gammafunk_ghost_fury_of_okawaru, enter_trove_6,
          nicolae_figureground_sparkle
Temple:   eino_narrow_crystal_temple
Lair:1:   layout_roguey, kennysheep_snail_temple
Lair:2:   layout_loops_ring, nicolae_shoals_entry_roost,
          alex1729_snake_entry_snake, grunt_forest_small_clearing_treed,
          uniq_prince_ribbit2
Lair:3:   layout_cave_pods, gammafunk_ghost_abyssal_escape, uniq_amaemon
Lair:4:   layout_cellular_growth, beast_lair_carwin_4
Lair:5:   evilmike_catoblepas_cave, layout_long_grid, dpeg_slime_entry_enclosed,
          serial_bayou_shore_b, lemuel_fruit_tree, lemuel_fruit_fields,
          grunt_megastairs_2, uniq_josephine
Shoals:1: layout_shoals, nicolae_shoals_nymph_descending_staircase
Shoals:2: layout_shoals, serial_shops, shop
Shoals:3: layout_shoals, nicolae_shop_gadgets
Shoals:4: shoals_end_hellmonk_storm_palace [storm_palace_center_square,
          storm_palace_corner_pillars, storm_palace_corner_blocked,
          storm_palace_corner_pillars, storm_palace_corner_reverse_hut],
          uniq_louise
Snake:1:  layout_layer_cave, st_stairs_3, uniq_aizul
Snake:2:  layout_honeycomb
Snake:3:  layout_misc_corridors, serial_shops, shop, drop_trap,
          grunt_ministairs_7, st_stairs_7
Snake:4:  grunt_snake_rune_serpentine_throne, layout_cave_town, uniq_roxanne
Orc:1:    layout_diamond_mine, serial_shops, uniq_nergalle, uniq_sonja
Orc:2:    st_orc_rangers, layout_caves, serial_shops, shop, elves_outpost_lemuel

Skill      XL: |  1  2  3  4  5  6  7  8  9 10 11 12 13 14 15 16 17 |
---------------+----------------------------------------------------+-----
Stealth        | 1 |  1.0
Armour         | 1 2 5 6 7 8 9 10 | 10.0
Fighting       | 3 7 8 9 11 12 13 15 16 17 | 17.1
Ranged Weapons | 5 9 10 11 12 14 15 16 17 19 20 21 | 21.7
Evocations     | 1 2 3 |  3.0
Maces & Flails | 5 6 7 9 10 | 10.0
Dodging        | 5 6 7 8 9 10 11 | 11.2
Invocations    | 1 2 3 5 7 9 10 12 | 12.4
Long Blades    | 3 4 5 6 8 9 10 | 10.0
Transmutations | 1 3 5 |  5.0
Spellcasting   | 1 2 3 4 5 |  5.0
Throwing       | 1 |  1.0
Translocations | 2 |  2.9
Earth Magic    | 2 |  2.0

Action                     |  1- 3 |  4- 6 |  7- 9 | 10-12 | 13-15 | 16-18 || total
---------------------------+-------+-------+-------+-------+-------+-------++-------
  Melee: Mace              |       |       |     8 |   233 |   309 |    14 ||   564
         Headbutt          |       |       |     1 |    50 |    94 |    12 ||   157
         Punch             |       |       |       |     2 |     6 |     1 ||     9
         Great sword       |       |       |       |       |    24 |    26 ||    50
         Quarterstaff      |       |       |       |       |     6 |       ||     6
   Fire: Shortbow          |    85 |   149 |   381 |   464 |       |     7 ||  1086
         Orcbow            |       |       |       |   216 |  1255 |   531 ||  2002
         Longbow           |       |       |       |       |       |   439 ||   439
  Throw: Dart              |       |       |    11 |       |    11 |       ||    22
         Boomerang         |       |       |       |     2 |       |       ||     2
   Cast: Apportation       |       |       |       |       |       |     2 ||     2
         Wereblood         |       |       |       |       |       |    24 ||    24
 Invoke: Grow Ballistomyce |       |       |       |       |     1 |     1 ||     2
         Wall of Briars    |       |       |       |       |       |     1 ||     1
  Evoke: Wand              |       |       |     3 |     3 |     9 |     3 ||    18
         Lightning rod     |       |       |     3 |     7 |     6 |       ||    16
    Use: Scroll            |       |     9 |     9 |    14 |     9 |    10 ||    51
         Potion            |       |     1 |     1 |     1 |     9 |     1 ||    13
   Stab: Invisible         |       |       |       |       |     3 |       ||     3
         Petrified         |       |       |       |       |     1 |       ||     1
         Distracted        |       |       |       |       |       |     1 ||     1
 Armour: Leather armour    |    44 |    14 |       |       |       |    57 ||   115
         Ring mail         |       |    14 |    85 |   151 |       |    20 ||   270
         Acid dragon scale |       |       |       |   128 |   476 |   187 ||   791
  Dodge: Dodged            |    30 |    22 |    79 |   357 |   638 |   283 ||  1409
  Block: Other             |       |       |       |       |    34 |    63 ||    97
         Reflection        |       |       |       |       |     5 |     7 ||    12

Table legend: (Time is in decaauts)
 A = Elapsed time spent in this place.
 B = Non-inter-level travel time spent in this place.
 C = Inter-level travel time spent in this place.
 D = Time resting spent in this place.
 E = Time spent auto-exploring this place.
 F = Levels seen in this place.
 G = Mean time per level.
                   A        B        C        D        E       F      G
               +--------+--------+--------+--------+--------+-----+--------+
         Total |  36945 |  33417 |   3528 |   6884 |  19060 |  31 | 1191.8 |
       Dungeon |  15609 |  13706 |   1903 |   1555 |   9371 |  14 | 1114.9 |
        Temple |     31 |     17 |     14 |      0 |      0 |   1 |   31.0 |
          Lair |   5811 |   5311 |    500 |    386 |   3834 |   5 | 1162.2 |
        Shoals |   7712 |   7220 |    492 |   2671 |   2609 |   4 | 1928.0 |
     Snake Pit |   3983 |   3693 |    290 |    431 |   2524 |   4 |  995.8 |
  Orcish Mines |   3284 |   2956 |    328 |   1732 |    581 |   2 | 1642.0 |
        Bailey |    512 |    512 |      0 |    106 |    141 |   1 |  512.0 |
               +--------+--------+--------+--------+--------+-----+--------+

Top non-repeatable levels by time:
Shoals:4: 2449 daAuts
   Orc:1: 2391 daAuts
Shoals:2: 2190 daAuts
     D:9: 1960 daAuts
  Lair:5: 1922 daAuts
Shoals:3: 1619 daAuts
     D:8: 1461 daAuts
Shoals:1: 1453 daAuts
     D:4: 1314 daAuts
     D:6: 1301 daAuts
    D:10: 1292 daAuts
     D:3: 1256 daAuts
  Lair:2: 1252 daAuts
     D:1: 1227 daAuts
 Snake:2: 1191 daAuts
